General information
			
			
        
        - name: BNet
 
        - type: Ladder team game (AT/RT)
 
        - host: Battle.net
 
        - saver: Postman-Pat
 
        
map: FullScaleAssault 
        - players: 8
 
        - length: 128:58
 
        - speed: Fast
 - version: 1.22 W3XP
 - replay type:  

 
» download(906 KB)
Players
        team 1 (loser) 
              
              
WoC.Curved (
pink | 52 APM | 6763 actions | 128:57)
              
 5 Tauren Chieftain 
 3 Shockwave
 2 Endurance Aura
 3 Pandaren Brewmaster 
 2 Breath of Fire
 1 Drunken Haze
 1 Pit Lord 
 1 Rain of Fire
 
                » actions 
                
                | Assign group hotkey | 118 |  | 
| Basic commands | 18 |  | 
| Build / train | 139 |  | 
| Enter build submenu | 26 |  | 
| Enter hero's abilities submenu | 10 |  | 
| Give item / drop item | 5 |  | 
| Remove unit from queue | 15 |  | 
| Right click | 3772 |  | 
| Select / deselect | 962 |  | 
| Select group hotkey | 1149 |  | 
| Use ability | 549 |  | 
                6763 total
 » units 
                
                | Peon | 15 |  | 
| Grunt | 4 |  | 
| Troll Batrider | 49 |  | 
| Blue Dragon Whelp | 8 |  | 
| Blue Drake | 3 |  | 
| Blue Dragon | 4 |  | 
| Frost Wyrm | -10 |  | 
                73 total
 » upgrades
                
                | Berserker Strength | 1 |  | 
| Pillage | 1 |  | 
| Ensnare | 1 |  | 
| Ranged Weapons | 3 |  | 
| Armor | 4 |  | 
| Liquid Fire | 1 |  | 
| Reinforced Defenses | 1 |  | 
| Spiked Barricades | 1 |  | 
                13 total
 » buildings
                
                | Altar of Storms | 1 |  | 
| Orc Burrow | 8 |  | 
| Barracks | 1 |  | 
| Voodoo Lounge | 1 |  | 
| Stronghold | 1 |  | 
| Great Hall | 1 |  | 
| Beastiary | 2 |  | 
| War Mill | 2 |  | 
| Fortress | 1 |  | 
| Watch Tower | 7 |  | 
                25 total
 » build order
                00:07 Altar of Storms
00:10 Orc Burrow
00:28 Barracks
01:38 Orc Burrow
02:17 Voodoo Lounge
03:04 Stronghold
04:37 Great Hall
04:52 Orc Burrow
05:28 Beastiary
06:51 War Mill
07:01 Beastiary
08:23 Fortress
08:52 Orc Burrow
10:12 Orc Burrow
11:36 Orc Burrow
12:51 Orc Burrow
15:37 Orc Burrow
22:50 Watch Tower
22:52 Watch Tower
22:54 Watch Tower
22:56 Watch Tower
22:58 Watch Tower
95:52 War Mill
97:16 Watch Tower
98:22 Watch Tower
» items
                
                | Healing Salve | 4 |  | 
| Lesser Clarity Potion | 3 |  | 
| Boots of Speed | 1 |  | 
| Periapt of Vitality | 1 |  | 
| Circlet of Nobility | 1 |  | 
| Potion of Healing | 3 |  | 
| Potion of Mana | 1 |  | 
| Orb of Lightning | 2 |  | 
| Scroll of Town Portal | 2 |  | 
                18 total
  
               
              
              
WoC.PlayBoi (
red | 69 APM | 7350 actions | 106:13)
              
 4 Mountain King 
 2 Storm Bolt
 2 Bash
 3 Paladin 
 2 Holy Light
 1 Divine Shield
 
                » actions 
                
                | Assign group hotkey | 90 |  | 
| Basic commands | 64 |  | 
| Build / train | 170 |  | 
| ESC pressed | 5 |  | 
| Enter build submenu | 106 |  | 
| Enter hero's abilities submenu | 7 |  | 
| Remove unit from queue | 1 |  | 
| Right click | 3196 |  | 
| Select / deselect | 1211 |  | 
| Select group hotkey | 2026 |  | 
| Use ability | 474 |  | 
                7350 total
 » units 
                
                | Peasant | 26 |  | 
| Footman | 7 |  | 
| Mortar Team | 16 |  | 
| Goblin Zeppelin | 2 |  | 
| Dragonhawk Rider | 14 |  | 
| Flying Machine | 4 |  | 
                69 total
 » upgrades
                
                | Defend | 1 |  | 
| Masonry | 3 |  | 
| Lumber Harvesting | 2 |  | 
| Flare | 1 |  | 
| Cloud | 1 |  | 
| Fragmentation Shards | 1 |  | 
| Plating | 3 |  | 
| Swords | 3 |  | 
| Gunpowder | 3 |  | 
| Armor | 3 |  | 
| Flak Cannons | 1 |  | 
                22 total
 » buildings
                
                | Altar of Kings | 1 |  | 
| Farm | 14 |  | 
| Barracks | 1 |  | 
| Lumber Mill | 2 |  | 
| Town Hall | 2 |  | 
| Scout Tower | 96 |  | 
| Arcane Tower | 6 |  | 
| Guard Tower | 50 |  | 
| Keep | 1 |  | 
| Arcane Vault | 3 |  | 
| Blacksmith | 2 |  | 
| Castle | 1 |  | 
| Workshop | 3 |  | 
| Gryphon Aviary | 2 |  | 
                184 total
 » build order
                00:09 Altar of Kings
00:20 Farm
00:23 Barracks
00:51 Farm
01:46 Farm
02:27 Lumber Mill
03:17 Town Hall
03:38 Scout Tower
04:04 Arcane Tower
04:04 Arcane Tower
04:08 Scout Tower
04:32 Scout Tower
04:35 Guard Tower
04:41 Scout Tower
05:01 Guard Tower
05:03 Scout Tower
05:07 Keep
05:16 Arcane Tower
05:16 Arcane Tower
05:17 Arcane Tower
05:41 Scout Tower
05:58 Guard Tower
06:00 Scout Tower
06:01 Scout Tower
06:09 Arcane Vault
06:14 Guard Tower
06:17 Blacksmith
06:20 Arcane Vault
06:32 Farm
06:36 Farm
06:45 Guard Tower
07:35 Castle
07:41 Workshop
07:44 Scout Tower
07:46 Scout Tower
07:49 Scout Tower
07:53 Gryphon Aviary
08:17 Guard Tower
08:18 Guard Tower
08:20 Guard Tower
08:21 Guard Tower
08:25 Guard Tower
09:20 Gryphon Aviary
09:22 Workshop
10:26 Farm
10:27 Farm
10:29 Farm
10:51 Farm
11:30 Scout Tower
11:34 Scout Tower
11:38 Scout Tower
12:08 Town Hall
12:14 Scout Tower
12:15 Scout Tower
12:17 Scout Tower
12:19 Scout Tower
12:25 Guard Tower
12:28 Guard Tower
12:31 Farm
12:32 Farm
12:49 Guard Tower
12:53 Scout Tower
12:54 Scout Tower
12:57 Scout Tower
12:58 Scout Tower
13:37 Guard Tower
13:56 Guard Tower
14:59 Blacksmith
18:26 Scout Tower
18:27 Scout Tower
18:28 Scout Tower
19:25 Guard Tower
21:14 Guard Tower
21:17 Guard Tower
23:12 Farm
23:15 Workshop
24:48 Scout Tower
24:49 Scout Tower
32:46 Farm
32:47 Farm
46:03 Arcane Vault
76:51 Scout Tower
76:54 Scout Tower
76:56 Scout Tower
76:58 Scout Tower
77:01 Scout Tower
77:02 Scout Tower
77:42 Guard Tower
77:47 Guard Tower
77:47 Guard Tower
77:52 Scout Tower
77:54 Scout Tower
77:55 Scout Tower
77:57 Scout Tower
78:23 Guard Tower
78:47 Guard Tower
79:15 Guard Tower
79:25 Scout Tower
79:29 Scout Tower
79:33 Scout Tower
79:35 Scout Tower
79:56 Guard Tower
80:08 Guard Tower
80:45 Guard Tower
81:23 Scout Tower
81:24 Scout Tower
81:27 Scout Tower
81:28 Scout Tower
81:30 Scout Tower
81:33 Scout Tower
81:55 Scout Tower
82:15 Lumber Mill
83:33 Guard Tower
84:03 Scout Tower
84:05 Scout Tower
84:16 Scout Tower
84:18 Scout Tower
84:53 Guard Tower
85:13 Scout Tower
85:20 Scout Tower
85:30 Scout Tower
85:32 Scout Tower
85:34 Scout Tower
85:42 Guard Tower
85:50 Scout Tower
86:13 Scout Tower
86:17 Scout Tower
86:27 Scout Tower
86:29 Scout Tower
86:43 Guard Tower
87:03 Guard Tower
87:14 Scout Tower
87:17 Scout Tower
87:21 Scout Tower
87:23 Guard Tower
88:03 Guard Tower
88:07 Scout Tower
88:15 Guard Tower
88:28 Scout Tower
88:33 Guard Tower
88:41 Scout Tower
88:42 Scout Tower
88:53 Guard Tower
89:30 Guard Tower
89:32 Scout Tower
89:37 Scout Tower
89:40 Scout Tower
89:45 Scout Tower
90:02 Guard Tower
90:11 Guard Tower
90:17 Scout Tower
90:22 Scout Tower
90:23 Scout Tower
90:25 Scout Tower
90:27 Scout Tower
90:28 Scout Tower
90:32 Scout Tower
90:33 Scout Tower
90:34 Scout Tower
90:40 Guard Tower
90:51 Scout Tower
90:54 Scout Tower
91:20 Guard Tower
91:21 Guard Tower
91:46 Guard Tower
91:49 Guard Tower
91:56 Scout Tower
92:02 Scout Tower
92:13 Guard Tower
92:20 Scout Tower
92:27 Scout Tower
92:57 Guard Tower
93:04 Scout Tower
93:06 Scout Tower
93:09 Scout Tower
93:16 Guard Tower
93:20 Scout Tower
93:40 Scout Tower
93:45 Scout Tower
94:11 Guard Tower
94:23 Scout Tower
94:26 Scout Tower
94:45 Guard Tower
» items
                
                | Dust of Appearance | 3 |  | 
| Scroll of Regeneration | 2 |  | 
| Scroll of Town Portal | 2 |  | 
| Staff of Sanctuary | 1 |  | 
| Orb of Fire | 1 |  | 
                9 total
  
               
              
              
WoC.RankOne (
teal | 93 APM | 4478 actions | 47:54)
              
 5 Death Knight 
 3 Death Coil
 2 Unholy Aura
 4 Pit Lord 
 2 Rain of Fire
 2 Cleaving Attack
 3 Dreadlord 
 1 Sleep
 2 Carrion Swarm
 
                » actions 
                
                | Assign group hotkey | 182 |  | 
| Basic commands | 48 |  | 
| Build / train | 81 |  | 
| Enter build submenu | 21 |  | 
| Enter hero's abilities submenu | 12 |  | 
| Give item / drop item | 7 |  | 
| Right click | 2498 |  | 
| Select / deselect | 586 |  | 
| Select group hotkey | 755 |  | 
| Use ability | 287 |  | 
                4478 total
 » units 
                
                | Acolyte | 9 |  | 
| Ghoul | 2 |  | 
| Crypt Fiend | 7 |  | 
| Goblin Shredder | 3 |  | 
| Frost Wyrm | 6 |  | 
| Goblin Zeppelin | 1 |  | 
                28 total
 » upgrades
                
                | Creature Attack | 3 |  | 
| Creature Carapace | 3 |  | 
| Web | 1 |  | 
| Freezing Breath | 1 |  | 
| Burrow | 1 |  | 
                9 total
 » buildings
                
                | Crypt | 1 |  | 
| Graveyard | 1 |  | 
| Altar of Darkness | 1 |  | 
| Ziggurat | 11 |  | 
| Tomb of Relics | 1 |  | 
| Nerubian Tower | 3 |  | 
| Halls of the Dead | 1 |  | 
| Spirit Tower | 7 |  | 
| Black Citadel | 1 |  | 
| Sacrificial Pit | 1 |  | 
| Boneyard | 3 |  | 
                31 total
 » build order
                00:06 Crypt
00:08 Graveyard
00:42 Altar of Darkness
00:56 Ziggurat
01:23 Tomb of Relics
02:00 Ziggurat
04:20 Nerubian Tower
04:55 Halls of the Dead
05:12 Ziggurat
05:39 Ziggurat
06:18 Nerubian Tower
06:18 Nerubian Tower
06:29 Ziggurat
06:37 Ziggurat
06:45 Spirit Tower
06:49 Ziggurat
06:52 Ziggurat
07:19 Black Citadel
08:20 Spirit Tower
08:20 Spirit Tower
08:27 Sacrificial Pit
08:29 Ziggurat
08:32 Spirit Tower
10:21 Boneyard
10:22 Boneyard
10:24 Boneyard
11:27 Ziggurat
11:32 Ziggurat
11:34 Spirit Tower
12:09 Spirit Tower
12:33 Spirit Tower
» items
                
                | Rod of Necromancy | 1 |  | 
| Sacrificial Skull | 1 |  | 
| Orb of Corruption | 1 |  | 
| Scroll of Healing | 2 |  | 
| Scroll of Town Portal | 4 |  | 
| Dust of Appearance | 2 |  | 
| Potion of Lesser Invulnerability | 1 |  | 
| Scroll of Protection | 1 |  | 
| Periapt of Vitality | 1 |  | 
| Potion of Healing | 1 |  | 
                15 total
  
               
              
              
woc.straighT (
purple | 44 APM | 5726 actions | 128:57)
              
 5 Death Knight 
 3 Death Coil
 2 Unholy Aura
 4 Dark Ranger 
 2 Black Arrow
 2 Silence
 3 Dreadlord 
 1 Sleep
 2 Carrion Swarm
 
                » actions 
                
                | Assign group hotkey | 43 |  | 
| Basic commands | 55 |  | 
| Build / train | 110 |  | 
| Enter build submenu | 33 |  | 
| Enter hero's abilities submenu | 12 |  | 
| Give item / drop item | 7 |  | 
| Remove unit from queue | 5 |  | 
| Right click | 3267 |  | 
| Select / deselect | 799 |  | 
| Select group hotkey | 1102 |  | 
| Use ability | 293 |  | 
                5726 total
 » units 
                
                | Acolyte | 14 |  | 
| Ghoul | 4 |  | 
| Crypt Fiend | 9 |  | 
| Goblin Zeppelin | 3 |  | 
| Obsidian Statue | 6 |  | 
| Goblin Shredder | 1 |  | 
| Frost Wyrm | 7 |  | 
                44 total
 » upgrades
                
                | Web | 1 |  | 
| Burrow | 2 |  | 
| Creature Attack | 3 |  | 
| Creature Carapace | 3 |  | 
| Freezing Breath | 1 |  | 
| Destroyer Form | 1 |  | 
                11 total
 » buildings
                
                | Graveyard | 1 |  | 
| Crypt | 1 |  | 
| Altar of Darkness | 1 |  | 
| Ziggurat | 15 |  | 
| Tomb of Relics | 3 |  | 
| Nerubian Tower | 5 |  | 
| Halls of the Dead | 1 |  | 
| Necropolis | 3 |  | 
| Spirit Tower | 4 |  | 
| Black Citadel | 1 |  | 
| Slaughterhouse | 1 |  | 
| Sacrificial Pit | 2 |  | 
| Boneyard | 2 |  | 
                40 total
 » build order
                00:33 Graveyard
00:41 Crypt
00:47 Altar of Darkness
01:00 Ziggurat
01:26 Tomb of Relics
02:04 Ziggurat
03:07 Nerubian Tower
05:18 Halls of the Dead
05:21 Ziggurat
06:09 Necropolis
06:12 Ziggurat
06:56 Spirit Tower
07:38 Ziggurat
07:42 Black Citadel
08:18 Slaughterhouse
08:31 Sacrificial Pit
08:34 Sacrificial Pit
08:43 Spirit Tower
08:44 Nerubian Tower
10:13 Ziggurat
10:15 Ziggurat
10:18 Spirit Tower
10:24 Boneyard
11:16 Necropolis
11:44 Boneyard
11:48 Nerubian Tower
11:57 Tomb of Relics
13:28 Necropolis
13:42 Ziggurat
13:44 Ziggurat
13:45 Ziggurat
13:48 Ziggurat
13:51 Ziggurat
13:52 Tomb of Relics
14:46 Nerubian Tower
14:48 Spirit Tower
79:20 Nerubian Tower
101:41 Ziggurat
101:43 Ziggurat
101:45 Ziggurat
» items
                
                | Rod of Necromancy | 2 |  | 
| Dust of Appearance | 1 |  | 
| Sacrificial Skull | 1 |  | 
| Orb of Corruption | 2 |  | 
| Scroll of Healing | 5 |  | 
| Scroll of Town Portal | 5 |  | 
| Scroll of Protection | 2 |  | 
| Boots of Speed | 1 |  | 
| Scroll of Speed | 1 |  | 
| Staff of Sanctuary | 1 |  | 
| Orb of Lightning | 1 |  | 
                22 total
  
               team 2 (winner) 
              
              
» 
JaEdOnG420 (
orange | 75 APM | 9638 actions | 128:57)
              
 6 Death Knight 
 3 Death Coil
 2 Unholy Aura
 1 Animate Dead
 4 Lich 
 2 Frost Nova
 2 Frost Armor
 1 Crypt Lord 
 1 Spiked Carapace
 
                » actions 
                
                | Assign group hotkey | 22 |  | 
| Basic commands | 69 |  | 
| Build / train | 103 |  | 
| ESC pressed | 17 |  | 
| Enter build submenu | 122 |  | 
| Enter hero's abilities submenu | 11 |  | 
| Give item / drop item | 14 |  | 
| Right click | 6243 |  | 
| Select / deselect | 558 |  | 
| Select group hotkey | 1577 |  | 
| Use ability | 902 |  | 
                9638 total
 » units 
                
                | Acolyte | 9 |  | 
| Ghoul | 3 |  | 
| Crypt Fiend | 13 |  | 
| Goblin Shredder | 1 |  | 
| Goblin Zeppelin | 1 |  | 
                27 total
 » upgrades
                
                | Creature Attack | 3 |  | 
| Web | 1 |  | 
| Creature Carapace | 3 |  | 
| Necromancer Training | 2 |  | 
| Banshee Training | 2 |  | 
| Skeletal Longevity | 1 |  | 
| Skeletal Mastery | 1 |  | 
| Freezing Breath | 1 |  | 
| Disease Cloud | 1 |  | 
| Destroyer Form | 1 |  | 
| Exhume Corpses | 1 |  | 
| Burrow | 1 |  | 
| Ghoul Frenzy | 1 |  | 
| Cannibalize | 1 |  | 
| Stone Form | 1 |  | 
| Backpack | 1 |  | 
                22 total
 » buildings
                
                | Crypt | 1 |  | 
| Graveyard | 2 |  | 
| Altar of Darkness | 2 |  | 
| Ziggurat | 113 |  | 
| Tomb of Relics | 3 |  | 
| Nerubian Tower | 13 |  | 
| Necropolis | 4 |  | 
| Halls of the Dead | 2 |  | 
| Spirit Tower | 7 |  | 
| Black Citadel | 2 |  | 
| Sacrificial Pit | 1 |  | 
| Boneyard | 1 |  | 
| Temple of the Damned | 1 |  | 
| Slaughterhouse | 1 |  | 
                153 total
 » build order
                00:08 Crypt
00:11 Graveyard
00:41 Altar of Darkness
01:24 Ziggurat
01:32 Tomb of Relics
01:39 Ziggurat
02:24 Nerubian Tower
02:58 Ziggurat
04:37 Necropolis
05:44 Halls of the Dead
06:24 Tomb of Relics
06:26 Ziggurat
07:52 Spirit Tower
07:54 Ziggurat
07:55 Ziggurat
08:28 Black Citadel
09:30 Sacrificial Pit
09:33 Spirit Tower
09:35 Nerubian Tower
09:37 Spirit Tower
10:28 Ziggurat
10:29 Ziggurat
10:30 Ziggurat
11:39 Boneyard
11:41 Temple of the Damned
11:43 Slaughterhouse
27:30 Spirit Tower
28:48 Necropolis
28:59 Necropolis
32:27 Ziggurat
32:27 Ziggurat
32:30 Ziggurat
32:33 Ziggurat
32:45 Tomb of Relics
33:29 Spirit Tower
72:05 Halls of the Dead
72:42 Ziggurat
72:44 Ziggurat
72:44 Ziggurat
72:47 Ziggurat
72:48 Ziggurat
72:52 Ziggurat
72:53 Ziggurat
72:54 Ziggurat
72:55 Ziggurat
72:56 Ziggurat
73:03 Ziggurat
73:06 Ziggurat
73:08 Ziggurat
73:18 Ziggurat
73:19 Ziggurat
73:21 Ziggurat
73:22 Ziggurat
73:38 Ziggurat
73:40 Ziggurat
73:44 Ziggurat
73:47 Ziggurat
73:57 Ziggurat
73:59 Ziggurat
74:02 Ziggurat
74:05 Ziggurat
74:06 Ziggurat
74:07 Ziggurat
74:11 Ziggurat
74:13 Ziggurat
74:15 Ziggurat
74:23 Ziggurat
74:28 Ziggurat
74:30 Ziggurat
74:34 Ziggurat
74:38 Ziggurat
74:41 Ziggurat
74:43 Ziggurat
74:46 Ziggurat
74:49 Ziggurat
74:54 Ziggurat
75:05 Ziggurat
75:10 Ziggurat
75:19 Ziggurat
75:59 Ziggurat
76:00 Ziggurat
76:02 Ziggurat
76:04 Ziggurat
76:14 Ziggurat
76:16 Ziggurat
76:17 Ziggurat
76:19 Ziggurat
76:21 Ziggurat
76:25 Ziggurat
77:02 Ziggurat
77:03 Ziggurat
77:17 Ziggurat
77:19 Ziggurat
77:24 Ziggurat
77:25 Ziggurat
77:34 Ziggurat
77:36 Ziggurat
77:38 Ziggurat
77:39 Ziggurat
77:43 Ziggurat
77:44 Ziggurat
77:47 Ziggurat
77:50 Ziggurat
77:52 Ziggurat
77:58 Ziggurat
78:00 Ziggurat
78:01 Ziggurat
78:43 Nerubian Tower
78:47 Nerubian Tower
78:50 Nerubian Tower
78:52 Nerubian Tower
78:53 Nerubian Tower
78:58 Nerubian Tower
79:00 Nerubian Tower
79:04 Graveyard
79:18 Altar of Darkness
79:48 Ziggurat
79:49 Ziggurat
79:57 Ziggurat
80:13 Ziggurat
80:17 Ziggurat
80:19 Ziggurat
80:20 Ziggurat
80:21 Ziggurat
80:23 Ziggurat
80:24 Ziggurat
80:26 Ziggurat
80:27 Ziggurat
80:44 Ziggurat
80:45 Ziggurat
80:46 Ziggurat
80:48 Ziggurat
80:50 Ziggurat
80:51 Ziggurat
81:01 Ziggurat
81:03 Ziggurat
81:24 Nerubian Tower
81:27 Nerubian Tower
81:29 Spirit Tower
81:32 Ziggurat
81:34 Ziggurat
81:35 Ziggurat
81:37 Ziggurat
81:38 Ziggurat
81:43 Spirit Tower
82:43 Nerubian Tower
82:47 Black Citadel
83:03 Nerubian Tower
94:26 Necropolis
98:56 Ziggurat
98:57 Ziggurat
98:57 Ziggurat
98:58 Ziggurat
» items
                
                | Rod of Necromancy | 1 |  | 
| Orb of Corruption | 1 |  | 
| Scroll of Healing | 1 |  | 
| Orb of Lightning | 1 |  | 
| Scroll of Town Portal | 3 |  | 
| Staff of Sanctuary | 4 |  | 
| Healing Salve | 2 |  | 
| Lesser Clarity Potion | 1 |  | 
| Boots of Speed | 1 |  | 
| Staff of Teleportation | 1 |  | 
                16 total
  
               
              
              
NlGGERBAMA (
yellow | 34 APM | 4385 actions | 128:57)
              
 6 Blademaster 
 3 Wind Walk
 3 Critical Strike
 
                » actions 
                
                | Assign group hotkey | 26 |  | 
| Basic commands | 49 |  | 
| Build / train | 123 |  | 
| ESC pressed | 4 |  | 
| Enter build submenu | 156 |  | 
| Enter hero's abilities submenu | 7 |  | 
| Give item / drop item | 6 |  | 
| Right click | 1974 |  | 
| Select / deselect | 699 |  | 
| Select group hotkey | 689 |  | 
| Use ability | 652 |  | 
                4385 total
 » units 
                
                | Peon | 43 |  | 
| Troll Batrider | 22 |  | 
| Goblin Zeppelin | 2 |  | 
| Goblin Shredder | 2 |  | 
| Demolisher | 2 |  | 
                71 total
 » upgrades
                
                | Spiked Barricades | 3 |  | 
| Liquid Fire | 1 |  | 
| Reinforced Defenses | 1 |  | 
| Ranged Weapons | 3 |  | 
| Armor | 4 |  | 
| Troll Regeneration | 1 |  | 
| Burning Oil | 1 |  | 
                14 total
 » buildings
                
                | Altar of Storms | 1 |  | 
| Orc Burrow | 3 |  | 
| War Mill | 2 |  | 
| Watch Tower | 140 |  | 
| Voodoo Lounge | 5 |  | 
| Stronghold | 3 |  | 
| Fortress | 4 |  | 
| Beastiary | 3 |  | 
| Great Hall | 1 |  | 
| Barracks | 1 |  | 
                163 total
 » build order
                00:06 Altar of Storms
00:18 Orc Burrow
00:34 War Mill
01:58 Watch Tower
02:13 Voodoo Lounge
02:25 Orc Burrow
03:01 Watch Tower
03:14 Watch Tower
03:53 Watch Tower
04:02 Watch Tower
04:36 Watch Tower
04:45 Stronghold
04:45 Stronghold
04:45 Stronghold
05:11 Watch Tower
05:14 Watch Tower
05:48 Voodoo Lounge
05:52 Voodoo Lounge
06:06 Voodoo Lounge
06:25 Watch Tower
06:26 Watch Tower
06:56 Voodoo Lounge
07:26 Fortress
07:26 Fortress
07:27 Fortress
07:42 Beastiary
08:23 Great Hall
08:41 Beastiary
09:00 Beastiary
10:13 Watch Tower
10:16 Watch Tower
10:19 Watch Tower
10:20 Watch Tower
10:21 Watch Tower
10:23 Watch Tower
11:16 Watch Tower
11:17 Watch Tower
11:18 Watch Tower
11:32 Orc Burrow
12:36 Watch Tower
12:41 Watch Tower
13:00 Watch Tower
13:03 Watch Tower
13:11 Watch Tower
13:13 Watch Tower
13:45 Watch Tower
16:44 Watch Tower
16:45 Watch Tower
18:15 Watch Tower
18:17 Watch Tower
19:07 Watch Tower
19:08 Watch Tower
19:10 Watch Tower
19:30 Watch Tower
20:39 Watch Tower
20:39 Watch Tower
20:40 Watch Tower
20:42 Watch Tower
20:44 Watch Tower
20:44 Watch Tower
20:45 Watch Tower
20:52 Watch Tower
20:52 Watch Tower
20:54 Watch Tower
20:57 Watch Tower
20:57 Watch Tower
20:58 Watch Tower
20:59 Watch Tower
22:17 Barracks
23:32 Watch Tower
23:33 Watch Tower
23:34 Watch Tower
23:35 Watch Tower
23:37 Watch Tower
25:19 Watch Tower
26:06 Watch Tower
26:09 Watch Tower
26:23 Watch Tower
26:45 Watch Tower
26:49 Watch Tower
26:58 Watch Tower
27:03 Watch Tower
27:10 Watch Tower
27:47 Watch Tower
27:50 Watch Tower
27:52 Watch Tower
27:54 Watch Tower
28:00 Watch Tower
28:02 Watch Tower
29:18 Watch Tower
29:19 Watch Tower
29:20 Watch Tower
29:22 Watch Tower
29:25 Watch Tower
30:34 Watch Tower
30:35 Watch Tower
30:37 Watch Tower
30:39 Watch Tower
30:42 Watch Tower
30:42 Watch Tower
30:44 Watch Tower
30:53 Watch Tower
30:56 Watch Tower
30:58 Watch Tower
31:01 Watch Tower
31:41 Watch Tower
31:43 Watch Tower
31:47 Watch Tower
31:50 Watch Tower
31:53 Watch Tower
33:41 Watch Tower
39:57 Watch Tower
39:59 Watch Tower
40:03 Watch Tower
40:05 Watch Tower
40:07 Watch Tower
41:37 Watch Tower
41:39 Watch Tower
41:47 Watch Tower
42:03 Watch Tower
42:05 Watch Tower
42:24 Watch Tower
43:11 Watch Tower
43:13 Watch Tower
43:15 Watch Tower
43:20 Watch Tower
43:52 Watch Tower
44:03 Watch Tower
44:06 Watch Tower
47:00 Watch Tower
47:04 Watch Tower
47:09 Watch Tower
47:15 Watch Tower
47:23 Watch Tower
47:30 Watch Tower
47:44 Watch Tower
48:14 Watch Tower
48:16 Watch Tower
48:21 Watch Tower
48:22 Watch Tower
48:24 Watch Tower
48:26 Watch Tower
48:47 Watch Tower
49:39 Watch Tower
49:55 Watch Tower
49:56 Watch Tower
49:57 Watch Tower
49:58 Watch Tower
50:00 Watch Tower
50:03 Watch Tower
50:04 Watch Tower
50:10 Watch Tower
50:14 Watch Tower
50:29 Watch Tower
50:49 Watch Tower
51:03 Watch Tower
51:06 Watch Tower
51:18 Watch Tower
51:21 Watch Tower
51:23 Watch Tower
51:29 Watch Tower
53:03 War Mill
» items
                
                | Boots of Speed | 1 |  | 
| Staff of Teleportation | 5 |  | 
| Lesser Clarity Potion | 5 |  | 
| Healing Salve | 4 |  | 
| Orb of Lightning | 1 |  | 
| Potion of Lesser Invulnerability | 4 |  | 
| Tiny Great Hall | 1 |  | 
| Circlet of Nobility | 1 |  | 
                22 total
  
               
              
              
piano (
blue | 59 APM | 7628 actions | 128:57)
              
 7 Warden 
 3 Shadow Strike
 3 Blink
 1 Spirit of Vengeance
 
                » actions 
                
                | Assign group hotkey | 22 |  | 
| Basic commands | 62 |  | 
| Build / train | 92 |  | 
| ESC pressed | 10 |  | 
| Enter build submenu | 23 |  | 
| Enter hero's abilities submenu | 7 |  | 
| Give item / drop item | 2 |  | 
| Right click | 4448 |  | 
| Select / deselect | 848 |  | 
| Select group hotkey | 1783 |  | 
| Use ability | 328 |  | 
                7628 total
 » units 
                » upgrades
                
                | Nature's Blessing | 1 |  | 
| Ultravision | 1 |  | 
| Strength of the Wild | 3 |  | 
| Reinforced Hides | 3 |  | 
| Well Spring | 1 |  | 
| Corrosive Breath | 1 |  | 
                10 total
 » buildings
                
                | Altar of Elders | 1 |  | 
| Moon Well | 13 |  | 
| Ancient of Wonders | 2 |  | 
| Tree of Ages | 1 |  | 
| Tree of Life | 1 |  | 
| Hunter's Hall | 1 |  | 
| Ancient of Wind | 1 |  | 
| Tree of Eternity | 1 |  | 
| Chimaera Roost | 3 |  | 
                24 total
 » build order
                00:06 Altar of Elders
00:19 Moon Well
01:05 Moon Well
03:39 Moon Well
04:48 Ancient of Wonders
05:26 Moon Well
08:27 Moon Well
08:37 Tree of Ages
09:11 Tree of Life
09:45 Moon Well
11:07 Moon Well
16:50 Ancient of Wonders
16:55 Hunter's Hall
18:16 Ancient of Wind
18:28 Tree of Eternity
20:57 Chimaera Roost
20:59 Chimaera Roost
21:03 Chimaera Roost
25:45 Moon Well
25:46 Moon Well
25:47 Moon Well
28:38 Moon Well
43:48 Moon Well
43:49 Moon Well
» items
                
                | Boots of Speed | 1 |  | 
| Staff of Teleportation | 1 |  | 
| Orb of Lightning | 1 |  | 
| Tiny Great Hall | 1 |  | 
| Scroll of Town Portal | 11 |  | 
| Mechanical Critter | 1 |  | 
                16 total
  
               
              
              
Postman-Pat (
green | 101 APM | 13019 actions | 128:58)
              
 7 Mountain King 
 3 Storm Bolt
 3 Bash
 1 Avatar
 4 Paladin 
 2 Holy Light
 2 Divine Shield
 2 Archmage 
 1 Brilliance Aura
 1 Blizzard
 
                » actions 
                
                | Assign group hotkey | 19 |  | 
| Basic commands | 80 |  | 
| Build / train | 228 |  | 
| Enter build submenu | 182 |  | 
| Enter hero's abilities submenu | 13 |  | 
| Give item / drop item | 13 |  | 
| Remove unit from queue | 3 |  | 
| Right click | 8132 |  | 
| Select / deselect | 1130 |  | 
| Select group hotkey | 2301 |  | 
| Use ability | 917 |  | 
                13019 total
 » units 
                
                | Peasant | 22 |  | 
| Goblin Zeppelin | 1 |  | 
| Priest | 2 |  | 
| Dragonhawk Rider | 9 |  | 
| Gryphon Rider | -2 |  | 
                32 total
 » upgrades
                
                | Masonry | 3 |  | 
| Lumber Harvesting | 2 |  | 
| Magic Sentry | 1 |  | 
| Priest Training | 1 |  | 
| Cloud | 1 |  | 
| Swords | 3 |  | 
| Armor | 3 |  | 
| Animal War Training | 1 |  | 
                15 total
 » buildings
                
                | Altar of Kings | 1 |  | 
| Farm | 14 |  | 
| Lumber Mill | 1 |  | 
| Scout Tower | 318 |  | 
| Arcane Tower | 20 |  | 
| Guard Tower | 107 |  | 
| Keep | 2 |  | 
| Town Hall | 6 |  | 
| Castle | 1 |  | 
| Arcane Sanctum | 1 |  | 
| Arcane Vault | 4 |  | 
| Gryphon Aviary | 5 |  | 
| Blacksmith | 1 |  | 
| Barracks | 2 |  | 
                483 total
 » build order
                00:22 Altar of Kings
00:25 Farm
00:47 Lumber Mill
00:59 Scout Tower
01:11 Scout Tower
01:15 Scout Tower
01:19 Scout Tower
01:44 Arcane Tower
01:52 Farm
02:09 Scout Tower
02:10 Arcane Tower
02:11 Arcane Tower
02:15 Guard Tower
02:15 Guard Tower
02:31 Scout Tower
02:34 Scout Tower
02:37 Guard Tower
02:40 Scout Tower
02:45 Scout Tower
02:52 Scout Tower
02:57 Guard Tower
02:58 Scout Tower
02:59 Scout Tower
03:05 Guard Tower
03:05 Guard Tower
03:13 Guard Tower
03:13 Guard Tower
03:13 Guard Tower
03:15 Scout Tower
03:17 Scout Tower
03:21 Guard Tower
03:22 Scout Tower
03:30 Guard Tower
03:31 Guard Tower
03:32 Scout Tower
03:34 Scout Tower
03:36 Arcane Tower
03:42 Guard Tower
03:59 Guard Tower
04:00 Scout Tower
04:13 Guard Tower
04:15 Keep
04:15 Keep
04:23 Scout Tower
04:25 Guard Tower
04:25 Guard Tower
04:27 Scout Tower
04:28 Scout Tower
04:30 Guard Tower
04:35 Guard Tower
04:36 Scout Tower
04:38 Scout Tower
04:39 Scout Tower
05:00 Guard Tower
05:01 Scout Tower
05:02 Scout Tower
05:04 Arcane Tower
05:05 Guard Tower
05:08 Scout Tower
05:09 Scout Tower
05:11 Scout Tower
05:12 Scout Tower
05:12 Scout Tower
05:13 Scout Tower
05:34 Farm
05:44 Guard Tower
05:59 Guard Tower
06:01 Guard Tower
06:04 Scout Tower
06:04 Scout Tower
06:05 Scout Tower
06:05 Scout Tower
06:09 Scout Tower
06:10 Scout Tower
06:12 Scout Tower
06:13 Scout Tower
06:14 Scout Tower
06:30 Guard Tower
06:36 Scout Tower
06:37 Scout Tower
06:39 Scout Tower
06:39 Scout Tower
07:05 Guard Tower
07:07 Guard Tower
07:19 Guard Tower
07:21 Scout Tower
07:22 Scout Tower
07:23 Scout Tower
07:36 Arcane Tower
07:36 Guard Tower
07:38 Guard Tower
07:54 Town Hall
08:12 Guard Tower
08:14 Guard Tower
08:16 Scout Tower
08:17 Scout Tower
08:18 Scout Tower
08:27 Guard Tower
08:45 Guard Tower
08:49 Scout Tower
08:50 Scout Tower
08:51 Scout Tower
09:16 Scout Tower
09:17 Scout Tower
09:19 Scout Tower
09:20 Scout Tower
09:21 Scout Tower
09:28 Castle
09:32 Guard Tower
09:34 Scout Tower
09:35 Scout Tower
09:36 Scout Tower
09:36 Scout Tower
09:41 Guard Tower
09:44 Scout Tower
09:45 Scout Tower
09:46 Scout Tower
09:46 Scout Tower
10:03 Guard Tower
10:08 Guard Tower
10:08 Guard Tower
10:19 Scout Tower
10:19 Scout Tower
10:39 Guard Tower
10:41 Scout Tower
10:42 Scout Tower
10:44 Guard Tower
10:59 Guard Tower
11:02 Scout Tower
11:03 Scout Tower
11:03 Scout Tower
11:05 Scout Tower
11:05 Scout Tower
11:22 Guard Tower
11:27 Scout Tower
11:28 Scout Tower
11:28 Scout Tower
11:36 Guard Tower
11:43 Scout Tower
11:43 Scout Tower
11:45 Scout Tower
11:45 Scout Tower
11:46 Scout Tower
11:54 Scout Tower
11:55 Scout Tower
11:55 Scout Tower
11:56 Scout Tower
12:02 Guard Tower
12:03 Scout Tower
12:04 Scout Tower
12:07 Scout Tower
12:08 Scout Tower
12:09 Scout Tower
12:42 Arcane Sanctum
12:55 Guard Tower
12:59 Scout Tower
12:59 Scout Tower
13:00 Scout Tower
13:02 Guard Tower
13:09 Guard Tower
13:12 Scout Tower
13:12 Scout Tower
13:13 Scout Tower
13:13 Scout Tower
13:14 Guard Tower
13:15 Scout Tower
13:16 Scout Tower
13:26 Guard Tower
13:33 Scout Tower
13:34 Scout Tower
13:34 Scout Tower
13:34 Scout Tower
13:36 Scout Tower
13:36 Scout Tower
13:37 Scout Tower
13:37 Scout Tower
13:38 Scout Tower
13:39 Scout Tower
13:39 Scout Tower
13:39 Scout Tower
13:44 Guard Tower
14:05 Guard Tower
14:07 Scout Tower
14:07 Scout Tower
14:08 Scout Tower
14:28 Guard Tower
14:30 Guard Tower
14:33 Scout Tower
14:33 Scout Tower
14:34 Scout Tower
14:37 Guard Tower
14:40 Scout Tower
14:40 Scout Tower
14:41 Scout Tower
14:42 Scout Tower
14:43 Scout Tower
14:44 Scout Tower
14:46 Scout Tower
15:31 Guard Tower
15:45 Scout Tower
15:46 Scout Tower
15:46 Scout Tower
15:47 Scout Tower
15:47 Scout Tower
15:48 Scout Tower
15:48 Scout Tower
15:49 Scout Tower
15:49 Scout Tower
16:03 Guard Tower
16:04 Arcane Vault
16:06 Guard Tower
16:08 Arcane Vault
16:23 Guard Tower
16:41 Scout Tower
16:42 Scout Tower
16:42 Scout Tower
16:42 Scout Tower
16:43 Scout Tower
17:01 Guard Tower
17:05 Scout Tower
17:05 Scout Tower
17:06 Scout Tower
17:06 Scout Tower
17:17 Scout Tower
17:18 Scout Tower
17:19 Scout Tower
17:20 Scout Tower
17:23 Scout Tower
17:23 Scout Tower
17:27 Scout Tower
17:28 Scout Tower
17:28 Scout Tower
17:29 Scout Tower
17:29 Scout Tower
17:29 Scout Tower
17:31 Scout Tower
17:31 Scout Tower
17:31 Scout Tower
17:47 Guard Tower
17:49 Scout Tower
17:50 Scout Tower
17:51 Scout Tower
17:52 Scout Tower
17:53 Scout Tower
17:53 Scout Tower
17:53 Scout Tower
18:00 Scout Tower
18:01 Scout Tower
18:02 Scout Tower
18:03 Scout Tower
18:04 Scout Tower
18:04 Scout Tower
18:15 Scout Tower
18:17 Scout Tower
18:17 Scout Tower
18:18 Scout Tower
18:19 Scout Tower
18:20 Scout Tower
18:27 Guard Tower
18:30 Scout Tower
18:30 Scout Tower
18:31 Scout Tower
18:31 Scout Tower
18:32 Scout Tower
18:33 Scout Tower
18:38 Arcane Tower
18:39 Guard Tower
18:58 Guard Tower
19:13 Guard Tower
19:21 Guard Tower
19:23 Scout Tower
19:23 Scout Tower
19:24 Scout Tower
19:25 Scout Tower
19:25 Scout Tower
19:32 Scout Tower
19:33 Scout Tower
19:49 Guard Tower
19:50 Guard Tower
20:03 Guard Tower
20:26 Guard Tower
20:28 Scout Tower
20:29 Scout Tower
20:39 Scout Tower
20:40 Scout Tower
20:40 Scout Tower
20:41 Scout Tower
20:42 Scout Tower
20:43 Scout Tower
20:43 Scout Tower
20:45 Scout Tower
21:07 Guard Tower
21:18 Guard Tower
21:22 Scout Tower
21:23 Scout Tower
21:24 Scout Tower
21:36 Guard Tower
21:38 Guard Tower
21:41 Scout Tower
21:41 Scout Tower
21:42 Scout Tower
21:42 Scout Tower
22:44 Guard Tower
22:45 Guard Tower
23:23 Scout Tower
23:24 Scout Tower
23:24 Scout Tower
23:24 Scout Tower
23:25 Scout Tower
23:29 Scout Tower
23:30 Scout Tower
23:30 Scout Tower
23:30 Scout Tower
23:36 Arcane Vault
24:02 Scout Tower
24:03 Scout Tower
24:05 Scout Tower
24:45 Guard Tower
24:48 Arcane Vault
24:53 Guard Tower
25:05 Guard Tower
25:26 Scout Tower
25:27 Scout Tower
25:27 Scout Tower
25:49 Scout Tower
26:13 Guard Tower
27:04 Guard Tower
27:22 Guard Tower
27:31 Guard Tower
27:33 Guard Tower
27:52 Scout Tower
27:55 Scout Tower
27:56 Scout Tower
27:58 Scout Tower
27:58 Scout Tower
28:06 Scout Tower
28:07 Scout Tower
28:08 Scout Tower
28:21 Scout Tower
28:24 Scout Tower
28:24 Scout Tower
28:24 Scout Tower
29:07 Guard Tower
29:35 Guard Tower
30:33 Guard Tower
30:36 Scout Tower
30:37 Scout Tower
30:37 Scout Tower
30:45 Scout Tower
30:46 Scout Tower
31:16 Scout Tower
31:17 Scout Tower
32:22 Scout Tower
32:23 Scout Tower
32:37 Guard Tower
32:39 Scout Tower
32:39 Scout Tower
32:40 Scout Tower
32:46 Scout Tower
32:46 Scout Tower
32:47 Scout Tower
32:51 Guard Tower
32:53 Scout Tower
32:54 Scout Tower
32:56 Scout Tower
32:56 Scout Tower
32:57 Scout Tower
32:59 Scout Tower
32:59 Scout Tower
33:05 Guard Tower
33:27 Guard Tower
33:32 Guard Tower
33:33 Scout Tower
33:59 Guard Tower
34:16 Guard Tower
34:18 Scout Tower
34:19 Scout Tower
34:32 Guard Tower
34:47 Scout Tower
34:48 Scout Tower
34:48 Scout Tower
34:49 Guard Tower
35:00 Guard Tower
35:04 Scout Tower
35:05 Scout Tower
35:26 Guard Tower
35:32 Guard Tower
35:45 Guard Tower
36:03 Guard Tower
41:04 Town Hall
41:09 Scout Tower
41:09 Scout Tower
41:10 Scout Tower
41:10 Scout Tower
41:11 Scout Tower
41:11 Scout Tower
41:11 Scout Tower
41:12 Scout Tower
41:13 Scout Tower
41:13 Scout Tower
42:54 Town Hall
43:02 Town Hall
43:06 Scout Tower
44:00 Guard Tower
44:02 Town Hall
46:33 Town Hall
46:37 Scout Tower
46:37 Scout Tower
46:38 Scout Tower
46:39 Scout Tower
46:40 Scout Tower
46:41 Scout Tower
46:43 Scout Tower
46:44 Scout Tower
47:08 Arcane Tower
47:14 Guard Tower
47:16 Guard Tower
48:09 Guard Tower
61:11 Scout Tower
61:14 Scout Tower
61:15 Scout Tower
61:16 Scout Tower
61:17 Scout Tower
61:19 Scout Tower
61:20 Scout Tower
61:20 Scout Tower
61:22 Scout Tower
61:23 Scout Tower
61:24 Scout Tower
61:25 Scout Tower
61:26 Scout Tower
61:40 Scout Tower
61:41 Scout Tower
61:42 Scout Tower
61:43 Scout Tower
61:55 Arcane Tower
63:15 Arcane Tower
63:21 Scout Tower
63:23 Scout Tower
63:24 Scout Tower
63:25 Scout Tower
63:58 Arcane Tower
64:37 Arcane Tower
65:23 Arcane Tower
65:33 Scout Tower
65:34 Scout Tower
65:34 Scout Tower
65:36 Scout Tower
66:06 Arcane Tower
68:37 Arcane Tower
68:40 Scout Tower
68:41 Scout Tower
68:42 Scout Tower
68:44 Scout Tower
69:17 Arcane Tower
69:56 Arcane Tower
70:07 Arcane Tower
70:38 Arcane Tower
93:00 Gryphon Aviary
93:02 Gryphon Aviary
93:05 Gryphon Aviary
93:08 Blacksmith
93:10 Farm
93:10 Farm
93:12 Farm
93:12 Farm
93:13 Farm
93:15 Farm
93:16 Farm
93:16 Farm
93:20 Farm
93:22 Farm
93:22 Farm
93:28 Barracks
94:13 Gryphon Aviary
94:14 Gryphon Aviary
94:54 Barracks
» items
                
                | Healing Salve | 1 |  | 
| Lesser Clarity Potion | 15 |  | 
| Orb of Lightning | 2 |  | 
| Boots of Speed | 2 |  | 
| Staff of Teleportation | 2 |  | 
| Potion of Healing | 1 |  | 
| Potion of Mana | 2 |  | 
| Staff of Sanctuary | 2 |  | 
| Scroll of Town Portal | 1 |  | 
| Potion of Lesser Invulnerability | 1 |  | 
                29 total
  
                Chat log
          (00:10 / All) woc.straighT: die in a fire yellow
(00:14 / All) piano: bow
(00:19 / All) NlGGERBAMA: why?
(00:24 / All) JaEdOnG420:   
(00:27 / All) woc.straighT: trapped in the closet with ur nazi boyfriend
(00:29 / All) NlGGERBAMA: that's not nice, you godless liberal faggot
(00:43 / All) WoC.Curved: dirty pathetic rats
(00:49 / All) Postman-Pat: manners
(00:53 / All) JaEdOnG420: how old are you woc.curved
(00:56 / All) JaEdOnG420: let me guess 17
(01:01 / All) WoC.Curved: sry 22
(01:01 / All) piano: manner up please
(01:04 / All) JaEdOnG420: damn
(01:07 / All) JaEdOnG420: 22 and he knows the world
(01:11 / All) JaEdOnG420: sorry kid
(01:15 / All) woc.straighT: tell that to your trashfriend yellow
(01:19 / All) woc.straighT: fuck off kid
(01:20 / All) JaEdOnG420: how about you live another 22 years then see who is the better candidate
(01:22 / All) piano: postman pat
(01:23 / All) piano: postman pat
(01:27 / All) piano: postman pat and his black and white cat
(01:38 / All) woc.straighT: we need more old white guys in office
(01:42 / All) NlGGERBAMA: yes
(01:43 / All) woc.straighT: that will fix shit
(01:46 / All) NlGGERBAMA: keep the white house white
(01:54 / All) WoC.Curved: lol too bad it went black
(01:54 / All) WoC.Curved: lol
(02:00 / All) JaEdOnG420: god made adam and eve not adam and STEVE
(02:03 / All) NlGGERBAMA: yes, too bad
(02:31 / All) woc.straighT: 120 pounds of nerd rage on the internet ftw
(02:40 / All) WoC.Curved: lol
(02:46 / All) NlGGERBAMA: YES
(02:50 / All) NlGGERBAMA: THAT IS YOU LOL
(02:50 / All) JaEdOnG420: i bench press 120 pounds with my Penis
(03:03 / All) Postman-Pat: u guys pemis
(03:32 / All) woc.straighT: Pro
(03:37 / All) woc.straighT: run faster neonazi
(03:37 / All) NlGGERBAMA: thanks noob
(04:21 / All) NlGGERBAMA: this is our fountain
(04:28 / All) WoC.PlayBoi: FUCK U !
(07:15 / Allies) NlGGERBAMA: gold4bats
(07:19 / All) woc.straighT: clan fag towa
(07:34 / All) JaEdOnG420: welcome to my hompy
(10:41 / All) piano: so hows that maphack working out for you
(10:50 / All) woc.straighT: real nice thx
(22:47 / All) Postman-Pat: you always this bad . .. .
(22:49 / All) Postman-Pat: ?
(22:57 / All) WoC.PlayBoi: um
(22:59 / All) woc.straighT: care about chatcraft?
(23:00 / All) WoC.PlayBoi: suck a cock
(23:06 / All) piano: manner up please
(23:10 / All) woc.straighT: suck a dick
(23:11 / All) woc.straighT: hard
(23:12 / All) woc.straighT: plz
(27:52 / All) WoC.PlayBoi: y u like playing like this?
(27:55 / All) piano: yes
(27:56 / All) WoC.PlayBoi: i fall asleep
(27:57 / All) piano: shut up
(27:57 / All) JaEdOnG420: you like losing to this?
(28:00 / All) WoC.PlayBoi: no
(28:02 / All) WoC.PlayBoi: i never lose
(28:03 / All) WoC.PlayBoi: to this
(28:06 / All) WoC.PlayBoi: its just long
(28:07 / All) piano: you already lost
(28:08 / All) piano: awhile ago
(28:11 / All) Postman-Pat: i beg to differ red....
(28:17 / All) piano: when you sat in upkeep and didn't do anything with it
(29:33 / All) NlGGERBAMA: sorry
(29:35 / All) NlGGERBAMA: u loose
(30:40 / All) piano: by now you must realize
(30:43 / All) piano: that ~u can't win~
(30:55 / All) WoC.PlayBoi: im glad ur life
(30:56 / All) woc.straighT: 11 K
(30:57 / All) WoC.PlayBoi: is satisfying
(31:00 / All) woc.straighT: teal has 11 K
(32:22 / All) piano: niec try
(32:31 / All) woc.straighT: nice fiends
(42:11 / All) Postman-Pat: twofe
(46:19 / All) JaEdOnG420: are you guys angry right now.
(46:28 / All) WoC.PlayBoi: nah im masterbating
(46:29 / All) Postman-Pat: boy the look on your face....
(46:31 / All) WoC.PlayBoi: pretty happy
(46:48 / All) JaEdOnG420: "what the heck is a parallel universe" -dr. michio kaku
(47:54 / All) piano: how can this be
(48:07 / All) JaEdOnG420: woop woop
(48:12 / All) JaEdOnG420: my 1st win hurrah ahaheh
(48:20 / All) piano: on east
(48:23 / All) piano: on korea this guy a pro
(48:31 / All) Postman-Pat: welcome jaedong to war3
(48:35 / All) piano: teachin him about some azeroth towers
(51:33 / All) JaEdOnG420: how long you guys think you can stay
(51:42 / All) Postman-Pat: 2 hours?
(51:43 / All) Postman-Pat: 4?
(51:46 / All) Postman-Pat: all of this is nothing
(51:49 / All) JaEdOnG420: 16>???
(51:54 / All) Postman-Pat: 18>??????
(52:10 / All) JaEdOnG420: one time i sustain 450 apm for 27 hours straight
(52:22 / All) WoC.PlayBoi: mommy proud of u
(52:32 / All) NlGGERBAMA: he had stress fractures in his fingers after
(52:36 / All) WoC.PlayBoi: yeah cuz u use a program
(52:38 / All) WoC.PlayBoi: to keep it up
(52:40 / All) NlGGERBAMA: and he had to get his forearm tendons replaced
(55:28 / All) NlGGERBAMA: Remember to vote for McCain this Tuesday!
(55:33 / All) WoC.PlayBoi: k
(57:33 / All) NlGGERBAMA: hey do you guys listen to rap?
(57:38 / All) Postman-Pat: i lived as day man
(57:41 / All) Postman-Pat: fought the night man
(57:42 / All) Postman-Pat: now i'm here
(57:45 / All) Postman-Pat: to ask for your hand
(57:48 / All) JaEdOnG420: day man
(57:53 / All) JaEdOnG420: awaaaaahaaaaaaaaaa
(57:56 / All) JaEdOnG420: fighter of the night man
(59:05 / All) Postman-Pat: so if you want to marry men
(59:07 / All) Postman-Pat: will you marry me?
(60:58 / Allies) JaEdOnG420: the serv
(63:23 / All) JaEdOnG420: if i could sum you guys up in one word it would be
(63:27 / All) Postman-Pat: Shitnoob
(63:32 / All) JaEdOnG420: "really f*ckin bad at this game*
(63:34 / All) WoC.PlayBoi: that's 2 puttogether
(64:05 / All) JaEdOnG420: i got 9799 gold how you guys feelin
(64:17 / All) piano: There was a base here.
(64:18 / All) JaEdOnG420: is enough gold for almost 30 wyrms.
(64:20 / All) piano: It's gone now.
(64:26 / All) woc.straighT: ur cool.
(64:32 / All) woc.straighT: i type with punctuation.
(64:35 / All) WoC.PlayBoi: UR MOM
(64:37 / All) WoC.PlayBoi: UR MOM
(64:39 / All) WoC.PlayBoi: UR MOM
(64:40 / All) JaEdOnG420: hey wrap your brain around this one
(64:43 / All) JaEdOnG420: you guys are losing to smurfs
(64:50 / All) woc.straighT: oh my goodness
(64:51 / All) JaEdOnG420: if we lose we suffer no consequences
(64:54 / All) woc.straighT: these are smurfs
(64:54 / All) WoC.PlayBoi: more like
(64:57 / All) Postman-Pat: hey guess who we are
(64:58 / All) WoC.PlayBoi: we're losing to nerds
(64:59 / All) Postman-Pat: (you know us)
(65:02 / All) JaEdOnG420: lmao
(65:06 / All) woc.straighT: hey guess about us not caring
(65:07 / All) Postman-Pat: maybe i tell you if you're right ? ? ? ?
(65:15 / All) WoC.PlayBoi: is it
(65:17 / All) WoC.PlayBoi: clan homo
(65:18 / All) JaEdOnG420: if you didn't care you wouldn't spend hours in a game you already lost.
(65:18 / All) WoC.PlayBoi: ?
(65:19 / All) woc.straighT: ur a douchebag? good guess?
(66:56 / All) JaEdOnG420: 1200 gold left in the mine
(67:00 / All) JaEdOnG420: can you defeat it in time???
(67:09 / All) JaEdOnG420: answer: no
(67:18 / All) WoC.PlayBoi: how many dicks
(67:21 / All) WoC.PlayBoi: do u suck hourly
(67:22 / All) JaEdOnG420: 6
(67:22 / All) Postman-Pat: 6
(67:23 / All) JaEdOnG420: iun
(67:23 / All) JaEdOnG420: a
(67:24 / All) Postman-Pat: in a row
(67:24 / All) JaEdOnG420: row
(67:39 / All) woc.straighT: i learned from other douchebags on the internet that talking shit is an effective tactic.
(67:50 / All) JaEdOnG420: you aint too good at it though.
(68:06 / All) JaEdOnG420: buh bye'
(68:11 / All) JaEdOnG420: buh bye purp main LAWL
(68:18 / All) woc.straighT: lawlerskates!
(68:55 / All) JaEdOnG420: mines out
(68:57 / All) JaEdOnG420: piece
(69:19 / All) piano: there was a base here
(69:21 / All) piano: it's gone now
(69:28 / All) woc.straighT: use punctuation
(69:33 / All) NlGGERBAMA: u
(69:36 / All) JaEdOnG420: hey, guys, what, happened, to, top, left, of, map, ?
(69:37 / All) woc.straighT: to be consistent with your douchebag friend.
(69:38 / All) WoC.PlayBoi: btw
(69:41 / All) WoC.PlayBoi: i voted for bama
(69:45 / All) WoC.PlayBoi: suck a fat one
(69:52 / All) NlGGERBAMA: ok
(69:59 / All) JaEdOnG420: congrats on voting for terroist
(69:59 / All) NlGGERBAMA: mccain is going to win anyway
(70:04 / All) NlGGERBAMA: your vote didn't count
(74:04 / All) Postman-Pat: you must be so sad
(74:10 / All) Postman-Pat: to have lost a thing like this
(74:21 / All) Postman-Pat: staff
(74:22 / All) Postman-Pat: and
(74:22 / All) Postman-Pat: laugh
(74:31 / All) piano: step 1:
(74:33 / All) piano: staff
(74:34 / All) piano: step 2:
(74:36 / All) piano: HOHOHOHOHO
(74:48 / All) Postman-Pat: ho ho its almost christmas
(74:52 / All) Postman-Pat: i got you guys a big stinky loss
(76:58 / All) NlGGERBAMA: manner please, just say gg and leave
(77:06 / All) woc.straighT: Fuck u
(77:12 / All) WoC.Curved: nope
(77:19 / All) Postman-Pat: you guys got vent come visit us
(77:25 / All) woc.straighT: noty
(77:33 / All) WoC.PlayBoi: nah we dont use vent
(77:38 / All) WoC.PlayBoi: we type 
(79:28 / All) WoC.Curved: get rdy for an AFK nite
(79:39 / All) Postman-Pat: you ever heard of highperch
(79:45 / All) Postman-Pat: maybe read my guide?  you doing it wrong
(79:54 / All) woc.straighT: U HAVE A GUIDE?
(80:06 / All) woc.straighT: OMG AUTOGRAPH COPY PLZ
(80:18 / All) Postman-Pat: http://highper.ch/
(83:22 / All) woc.straighT: Is that ur face kid?
(83:29 / All) woc.straighT: ur pretty uggo
(83:36 / All) Postman-Pat: its a me
(83:38 / All) woc.straighT: gotta admit
(83:40 / All) Postman-Pat: big boy ball busting bear and
(84:40 / Allies) JaEdOnG420: $$$
(84:53 / Allies) JaEdOnG420: need a hero
(84:55 / Allies) JaEdOnG420: and some fuckin zig
(85:06 / Allies) JaEdOnG420: fuck you berg
(86:28 / All) Postman-Pat: i thank ye
(86:30 / All) Postman-Pat: then i spank ye
(86:31 / All) piano: 1 down
(86:47 / All) Postman-Pat: this is what you call Reversal of Fortune
(89:54 / All) WoC.PlayBoi: leave rats
(89:55 / All) WoC.PlayBoi: u lost
(90:00 / All) Postman-Pat: b ahahahahahahahhahaha
(90:01 / All) NlGGERBAMA: we hate long games
(90:06 / All) NlGGERBAMA: that's why we mass tower
(90:07 / All) piano: Then why is there fear behind your eyes . . .
(94:07 / All) WoC.PlayBoi: NICE LICH
(94:13 / All) JaEdOnG420: damn gotta crack into the 20k
(94:15 / All) JaEdOnG420: 10k***
(94:28 / All) WoC.PlayBoi: SUCKS FOR U
(95:09 / All) JaEdOnG420: AHAHAHA NO MORE WORKER FOR U NEXT!!!
(104:59 / All) woc.straighT: im making a website and putting u awesome kids on it
(105:08 / All) NlGGERBAMA: visit highper.ch for more towering replays
(105:13 / All) Postman-Pat: http://highper.ch/ toss me a link please
(106:42 / All) Postman-Pat: ~*~  u got mannered  ~*~
(109:05 / All) NlGGERBAMA: hope you guys are ready to lose :)
(109:33 / All) WoC.Curved: we've been alt tabbed
(109:38 / All) WoC.Curved: u guys still here?
(109:53 / All) WoC.Curved: like ur site is homo 
(114:09 / All) Postman-Pat: where y'all from?
(116:19 / All) Postman-Pat: you guys just big nasty babies?
(116:32 / All) NlGGERBAMA: big gay babies
(116:40 / All) Postman-Pat: you got a big stinky loss on your 4s team
(116:41 / All) Postman-Pat: enjoy
(117:03 / All) Postman-Pat: full game listing , sort by length (descending) , "clan towa was here http://highper.ch" basically
(118:42 / All) Postman-Pat: man this a great gam
(120:04 / All) Postman-Pat: thank you for tabben
(120:09 / All) woc.straighT: np
(120:12 / All) Postman-Pat: enjoy this time you spent on losing
(120:16 / All) Postman-Pat: you like it?
(120:27 / All) woc.straighT: yah i hope u post it and talk it up hard
(120:29 / All) Postman-Pat: you may have missed when i ask before
(120:31 / All) Postman-Pat: from?
(120:35 / All) woc.straighT: chicago?
(120:40 / All) woc.straighT: u?
(120:41 / All) WoC.Curved: Texas?
(120:48 / All) NlGGERBAMA: no wonder you vote for a nigger
(120:48 / All) Postman-Pat: gross americans
(120:52 / All) Postman-Pat: eeeyuck
(120:56 / All) WoC.Curved: dirty chinks?
(121:04 / All) Postman-Pat: classy;
(121:14 / All) Postman-Pat: i happen to be canadian
(121:16 / All) woc.straighT: canucks or SA?
(121:18 / All) Postman-Pat: you ever been to toronto
(121:21 / All) Postman-Pat: ?
(121:23 / All) woc.straighT: Good for u
(121:34 / All) JaEdOnG420: im so f*ckin good at this game.
(121:44 / All) woc.straighT: Always very impressed by how skinny and pale u guys are
(122:02 / All) Postman-Pat: expound upon that
(122:04 / All) NlGGERBAMA: skinny aka mcdonalds free
(122:10 / All) NlGGERBAMA: stupid fat american
(122:17 / All) woc.straighT: yah im humongous
(122:26 / All) Postman-Pat: you got facebook
(122:32 / All) Postman-Pat: add me Tyler Kerr University Of Toronto 2009
(122:35 / All) woc.straighT: u have a e-penis?
(122:45 / All) Postman-Pat: you have facebook?
(124:21 / All) JaEdOnG420: "will robots take over the world?"
(124:26 / All) Postman-Pat: nah
(124:28 / All) JaEdOnG420: "what happened before the big bang?"
(124:29 / All) Postman-Pat: we don't have the technology
(124:36 / All) JaEdOnG420: "what the heck is a parallel universe"
(124:49 / All) Postman-Pat: all you people up there
(124:50 / All) Postman-Pat: in city hall
(125:11 / All) woc.straighT: god i wish this was back before the hackban
(125:17 / All) Postman-Pat: i bet
(125:18 / All) JaEdOnG420: lmao
(125:20 / All) woc.straighT: i would go download that shit right now
(125:22 / All) Postman-Pat: you would just disc the shit out of us
(125:22 / All) JaEdOnG420: poor baby cant win without hacks?
(125:23 / All) Postman-Pat: angry?
(125:24 / All) Postman-Pat: angry?
(125:25 / All) Postman-Pat: angry?
(125:26 / All) Postman-Pat: angry?
(125:27 / All) Postman-Pat: angry?
(125:29 / All) Postman-Pat: angry?
(125:30 / All) Postman-Pat: angry?
(125:31 / All) Postman-Pat: angry?
(125:31 / All) JaEdOnG420: u mad??
(125:34 / All) Postman-Pat: u mad.
(125:35 / All) woc.straighT: it would be some funny shit
(125:36 / All) NlGGERBAMA: u mad
(125:45 / All) Postman-Pat: an u try to play it off
(125:45 / All) NlGGERBAMA: ya we love getting disc hacked
(125:48 / All) woc.straighT: i would let u finish this shit and drop u as the main was goin
(125:51 / All) JaEdOnG420: whats funny is you guys are really bad at this game
(126:02 / All) JaEdOnG420: how do you spend so much time playing
(126:04 / All) JaEdOnG420: yet still suck
(126:08 / All) woc.straighT: u guys honestly think i care what u nutsacks think?
(126:09 / All) Postman-Pat: we play maybe 1 game ever t2 weeks
(126:10 / All) NlGGERBAMA: it is a mystery
(126:12 / All) woc.straighT: <--- lecheR
(126:14 / All) Postman-Pat: and destroy you ? ? ?
(126:19 / All) Postman-Pat: lecher hmmm never heard of
(126:20 / All) JaEdOnG420: never heard of lecher sorry
(126:22 / All) Postman-Pat: must be a nobody
(126:23 / All) Postman-Pat: :)
(126:30 / All) woc.straighT: care*
(126:45 / All) Postman-Pat: care about what
(126:49 / All) Postman-Pat: your 4s team record bwahahahahhahahahah
(126:50 / All) NlGGERBAMA: you know what would be funnier than discing us as we win?
(126:54 / All) NlGGERBAMA: you being decent enough not to lose
(126:56 / All) woc.straighT: bwahahahaha
(127:18 / All) woc.straighT: yah anything about 7000 buildings is decent play
(127:34 / All) Postman-Pat: what a matter can't kil la tower?
(127:39 / All) JaEdOnG420: agaga
(127:45 / All) NlGGERBAMA: yeah towers are invulnerable
(127:48 / All) NlGGERBAMA: impossible to kill
(127:56 / All) Postman-Pat: watch and Learn birdnoobs
(128:03 / All) Postman-Pat: this hjow you kill tower noobs
(128:06 / All) Postman-Pat: (you)
(128:20 / All) JaEdOnG420: get your shackles ready
(128:25 / All) JaEdOnG420: right clicking your main after this zig
(128:27 / All) woc.straighT: u guys play like this cuz u can trap dudes in here with u and rub ur e-penises on them
(128:42 / All) JaEdOnG420: here i go
(128:45 / All) JaEdOnG420: hope U rdy.
(128:51 / All) woc.straighT: yah watch me micro